 Dungeon Crawl Stone Soup version 0.27.1-34-g3ba077fa99 (webtiles) character file.

Game seed: 8679868926574972370

53 cbfl8 the Covered (level 3, 0/28 HPs)
             Began as a Minotaur Wanderer on Jan 19, 2022.
             Succumbed to an adder's poison
             ... on level 2 of the Dungeon.
             The game lasted 00:02:34 (1619 turns).

cbfl8 the Covered (Minotaur Wanderer)               Turns: 1619, Time: 00:02:34

Health: 0/28       AC:  5    Str: 13    XL:     3   Next: 64%
Magic:  3/3        EV: 10    Int:  8    God:
Gold:   42         SH:  0    Dex: 12    Spells: 3/4 levels left

rFire    . . .     SeeInvis .   k - +0 dagger
rCold    . . .     Faith    .   (no shield)
rNeg     . . .     Spirit   .   b - +0 ring mail
rPois    .         Reflect  .   (helmet restricted)
rElec    .         Harm     .   (no cloak)
rCorr    .         Rampage  .   (no gloves)
Will     .....     Clarity  +   (no boots)
Stlth    +.........             h - amulet of the acrobat
HPRegen  0.09/turn              (no ring)
MPRegen  0.08/turn              (no ring)

@: lethally poisoned (0 -> -2), very slightly contaminated, invisible
A: horns 2, retaliatory headbutt, clarity, weak 1
a: no special abilities


You were on level 2 of the Dungeon.
You visited 1 branch of the dungeon, and saw 2 of its levels.

You collected 42 gold pieces.

Inventory:

Hand Weapons
 a - a +0 spear
 k - a +0 dagger (weapon)
Armour
 b - a +0 ring mail (worn)
Jewellery
 h - an amulet of the acrobat (around neck)
Scrolls
 e - a scroll of silence {unknown}
 f - a scroll of teleportation {unknown}
 i - a scroll of fog {unknown}


   Skills:
 + Level 1.3 Fighting
 + Level 0.8 Polearms
 + Level 3.1 Armour
 + Level 0.3 Dodging
 + Level 1.1 Spellcasting
 + Level 1.7 Translocations
 + Level 1.6 Fire Magic
 + Level 2.4 Evocations


You had 3 spell levels left.
You knew the following spells:

 Your Spells              Type           Power      Damage    Failure   Level
a - Foxfire               Conj/Fire      4%         2x1d4     50%         1

Your spell library contained the following spells:

 Spells                   Type           Power      Damage    Failure   Level
 Conjure Flame            Conj/Fire      1%         6-21      86%         3
 Inner Flame              Hex/Fire       1%         N/A       86%         3
 Sticky Flame             Conj/Fire      1%         2d3       99%         4
 Fireball                 Conj/Fire      0%         3d3       100%        5


Dungeon Overview and Level Annotations

Branches:
Dungeon (2/15)

Altars:


Innate Abilities, Weirdness & Mutations

You have a pair of horns on your head.
You reflexively headbutt those who attack you in melee.
You possess an exceptional clarity of mind.
You are weak. (Str -2)


Message History

You are more poisoned.
The adder poisons you!
The frilled lizard unfolds its giant frill.
The frilled lizard barely misses you. You furiously retaliate!
You headbutt the frilled lizard!
You kill the frilled lizard!
You closely miss the adder. Your headbutt misses the adder.
The adder is severely wounded.
You feel sick. The adder bites you.
* * * LOW HITPOINT WARNING * * *
The adder bites you but does no damage.
Unknown command.
You closely miss the adder.
The adder is severely wounded.
* * * LOW HITPOINT WARNING * * *
You feel sick. The adder barely misses you.
It was a potion of mutation.
You feel extremely strange.
You feel weaker.
Your thoughts seem clearer.
* * * LOW HITPOINT WARNING * * *
You feel sick. The adder bites you but does no damage.
It was a potion of invisibility.
You fade into invisibility!
* * * LOW HITPOINT WARNING * * *
You feel sick. The adder barely misses you. You furiously retaliate!
You headbutt the adder!
You kill the adder!
You are very lightly contaminated with residual magic.
There is a lethal amount of poison in your body!
There is a lethal amount of poison in your body!
There is a lethal amount of poison in your body!
There is a lethal amount of poison in your body!
As you read the scroll labelled ULO XOQEUJ, it crumbles to dust.
You hear a loud clanging noise!
It was a scroll of noise.
* * * LOW HITPOINT WARNING * * *
You feel sick.
You hear a shout! x3; You hear a bark! x6
As you read the scroll labelled SUANNE GILYRUL, it crumbles to dust.
Wisps of shadow whirl around you...
It was a scroll of summoning.
You die...

######### .......=#
#.....#.# ##
#........ .#
........#### .#
.......g...##.#
#......w@.....#
........##S#..#
?.?...K.......# .
......##.##..######..
....#.##.##......<...
......#..............
....# #..##.#<.......
.... #..##.#.#####..
.. ..#.#


You could see a friendly worm (summoned), a friendly adder (summoned), a
friendly hobgoblin (summoned) and a friendly kobold (summoned).

Vanquished Creatures
  A gnoll (D:1)
  An adder (D:2)
  A dart slug (D:1)
  A bat (D:1)
  4 endoplasms (D:1)
  A giant cockroach (D:1)
  2 goblins (D:1)
  4 hobgoblins (D:1)
  5 jackals (D:1)
  2 kobolds (D:1)
  A ball python (D:1)
  2 frilled lizards
  4 rats (D:1)
29 creatures vanquished.

Notes
Turn   | Place    | Note
-------+----------+-------------------------------------------
     0 | D:1      | cbfl8 the Minotaur Wanderer began the quest for the Orb.
     0 | D:1      | cbfl8 set off with the following items: a +0 spear, a +0
                  | ring mail; and the following spell memorised: Foxfire; and
                  | the following spells available to memorise: Conjure Flame,
                  | Inner Flame, Sticky Flame, Fireball
     0 | D:1      | Reached XP level 1. HP: 16/16 MP: 1/1
   286 | D:1      | Reached XP level 2. HP: 16/23 MP: 2/2
   747 | D:1      | Reached XP level 3. HP: 22/28 MP: 3/3
  1202 | D:1      | Reached skill level 3 in Armour
  1616 | D:2      | Gained mutation: You are weak. (Str -2) [potion of
                  | mutation]
  1616 | D:2      | Gained mutation: You possess an exceptional clarity of
                  | mind. [potion of mutation]
  1618 | D:2      | HP: 1/28 [poisoned by an adder]
  1619 | D:2      | Succumbed to an adder's poison

Illustrated notes

Levels and vault maps discovered:
D:1:      sevenhm_arrival_forest_fort_large_4, layout_loops_corners,
          glass_columns_b
D:2:      layout_loops_cross, serial_shops, nicolae_shop_stone,
          minmay_tetromino_i2

Skill      XL: |  1  2  3 |
---------------+----------+-----
Evocations     | 2 |  2.4
Armour         | 3 |  3.1
Fighting       | |  1.3
Polearms       | |  0.8
Dodging        | |  0.3
Spellcasting   | |  1.1
Translocations | |  1.7
Fire Magic     | |  1.6

Action                   || total
-------------------------++-------
Melee: Spear             ||    55
       Headbutt          ||    11
       Dagger            ||    12
  Use: Scroll            ||     2
       Potion            ||     2
Armor: Ring mail         ||    33
Dodge: Dodged            ||    49
